 Dungeon Crawl Stone Soup version 0.20.1-1-g8b1a95d (webtiles) character file.

208 jmlagarto the Chopper (level 5, 0/42 HPs)
             Began as a Demonspawn Abyssal Knight on Sept 25, 2017.
             Was a Believer of Lugonu.
             Slain by a goblin (3 damage)
             ... on level 3 of the Dungeon on Sept 26, 2017.
             The game lasted 00:09:00 (3140 turns).

jmlagarto the Chopper (Demonspawn Abyssal Knight)   Turns: 3140, Time: 00:09:02

Health: 0/42       AC: 14    Str: 14    XL:     5   Next: 55%
Magic:  6/6        EV:  4    Int: 11    God:    Lugonu [**....]
Gold:   96         SH:  0    Dex: 12    Spells: 4/4 levels left

rFire    . . .     SeeInvis .   a - +2 hand axe
rCold    . . .     Gourm    .   (no shield)
rNeg     . . .     Faith    .   d - +0 plate armour
rPois    +         Spirit   .   (helmet restricted)
rElec    .         Reflect  .   (no cloak)
rCorr    .         Harm     .   (no gloves)
MR       .....     Rnd*Tele +   (no boots)
Stlth    ..........             (no amulet)
Regen    0.2/turn               m - ring of poison resistance
MPRegen  0.1/turn               j - ring of teleportation (curse)

@: no status effects
A: antennae 1, fangs 1, molten scales 2, deterioration 1, dopey 1, low mp 1
a: Depart the Abyss, Bend Space, Renounce Religion


You were on level 3 of the Dungeon.
You worshipped Lugonu.
Lugonu was pleased with you.
You were not hungry.

You visited 1 branch of the dungeon, and saw 3 of its levels.
You visited the Abyss 1 time.

You collected 96 gold pieces.

Inventory:

Hand Weapons
 a - a +2 hand axe (weapon)
Armour
 b - a +0 leather armour
 d - a +0 plate armour (worn)
Jewellery
 i - an uncursed ring of see invisible
 j - a cursed ring of teleportation (right hand)
 m - a ring of poison resistance (left hand)
Scrolls
 f - 2 scrolls of teleportation
 o - a scroll of recharging
 p - 4 scrolls of fog
Potions
 h - a potion of invisibility
 k - 2 potions of mutation
 l - 2 potions of haste
 n - a potion of lignification {unknown}
Comestibles
 c - 4 bread rations
 g - a meat ration


   Skills:
 + Level 3.7 Fighting
 + Level 4.0 Axes
 + Level 3.0 Armour
 + Level 1.0 Dodging
 + Level 2.9 Invocations


You had 4 spell levels left.
You didn't know any spells.

Dungeon Overview and Level Annotations

Branches:
Dungeon (3/15)

Altars:
Dithmenos


Innate Abilities, Weirdness & Mutations

You have a pair of small antennae on your head.
You are mostly covered in molten scales. (AC +3)
You have very sharp teeth.
Your body sometimes deteriorates upon taking damage.
You are dopey. (Int -2)
Your magical capacity is low. (-10% MP)


Message History

The ogre barely misses you.
You hit the ogre.
The ogre is almost dead.
The ogre hits you with a giant club!
Your plate armour prevents you from hitting the ogre.
The ogre is almost dead.
The ogre hits you with a giant club!
* * * LOW HITPOINT WARNING * * *
Your body deteriorates!
You feel dopey.
You hit the ogre.
You kill the ogre!
Lugonu accepts your kill.
You feel your intelligence returning.
Your Axes skill increases to level 4!
Your Armour skill increases to level 3!
You have reached level 5!
Your demonic ancestry asserts itself...
Molten scales spread over more of your body.
Your plate armour prevents you from hitting the goblin.
The goblin hits you.
You die...

######## #......# #.####.#
################ #.####.#
.........##....######....######
#.#######.##.####...##.#........
#.# #....##.ggg.#....####### #..
####.##@#{ #.......# #.# #....#
#####'''# # #.# ##..#.# #...####
#.# #..#.# #♣.♣#... #.# #..#.#
♣.♣#### ##.##### ##.)#.# ♣.♣ #
.....)<#.####...#.# ♣.♣ #
.............###..# ♣.♣ #
...###.##.##.# #..# ♣.♣ #


You could see 3 goblins.

Vanquished Creatures
  An ogre (D:3)
  5 adders
  3 worms
  2 leopard geckos
  10 giant cockroaches (D:2)
  10 goblins
  6 hobgoblins
  A quokka (D:2)
  A ball python (D:1)
  10 bats
  2 frilled lizards
  8 kobolds
  4 rats
63 creatures vanquished.

Notes
Turn   | Place    | Note
-------+----------+-------------------------------------------
     0 | Abyss:1  | jmlagarto the Demonspawn Abyssal Knight began the quest for the Orb.
     0 | Abyss:1  | Reached XP level 1. HP: 18/18 MP: 2/2
    68 | Abyss:1  | Noticed a starcursed mass
    69 | D:1      | Escaped the Abyss
   314 | D:1      | Gained mutation: You have a pair of small antennae on your head. [demonic ancestry]
   314 | D:1      | Reached XP level 2. HP: 24/24 MP: 3/3
   331 | D:1      | Reached * piety under Lugonu
   682 | D:1      | Reached skill level 2 in Axes
  1196 | D:2      | Gained mutation: You are partially covered in molten scales. (AC +2) [demonic ancestry]
  1196 | D:2      | Reached XP level 3. HP: 15/29 MP: 5/5
  1504 | D:2      | Reached ** piety under Lugonu
  1778 | D:2      | Reached skill level 1 in Dodging
  1778 | D:2      | Reached XP level 4. HP: 22/35 MP: 6/6
  2337 | D:3      | Found a faded altar of an unknown god.
  2347 | D:3      | Reached skill level 3 in Axes
  2355 | D:3      | HP: 1/35 [worm (4)]
  2366 | D:3      | Gained mutation: You are dopey. (Int -2) [potion of mutation]
  2366 | D:3      | Gained mutation: Your body sometimes deteriorates upon taking damage. [potion of mutation]
  2366 | D:3      | Gained mutation: Your magical capacity is low. (-10% MP) [potion of mutation]
  2366 | D:3      | Gained mutation: You have very sharp teeth. [potion of mutation]
  2634 | D:3      | Found a shadowy altar of Dithmenos.
  3124 | D:3      | Noticed an ogre
  3139 | D:3      | Killed an ogre
  3139 | D:3      | Reached skill level 4 in Axes
  3139 | D:3      | Gained mutation: You are mostly covered in molten scales. (AC +3) [demonic ancestry]
  3139 | D:3      | Reached XP level 5. HP: 3/42 MP: 6/6
  3140 | D:3      | Slain by a goblin

Skill      XL: |  1  2  3  4 |
---------------+-------------+-----
Armour         | 2 3 |  3.0
Axes           | 2 4 |  4.0
Dodging        | 1 |  1.0
Fighting       | |  3.7
Invocations    | |  2.9

Action                   |  1- 3 |  4- 6 || total
-------------------------+-------+-------++-------
Melee: Hand axe          |   146 |   106 ||   252
       Bite              |       |     2 ||     2
Invok: Depart the Abyss  |     1 |       ||     1
  Use: Scroll            |     2 |     6 ||     8
       Potion            |     1 |     3 ||     4
  Eat: Meat ration       |     1 |     1 ||     2
Armor: Plate armour      |   195 |    87 ||   282
Dodge: Dodged            |    28 |    26 ||    54
